 Dungeon Crawl Stone Soup version 0.15.2 (webtiles) character file.

63 sprout the Sneak (level 4, 21/21 HPs)
             Began as a Vine Stalker Enchanter on Dec 28, 2014.
             Quit the game on Level 3 of the Dungeon.
             The game lasted 00:06:32 (1807 turns).

sprout the Sneak (Vine Stalker Enchanter)           Turns: 1807, Time: 00:06:32

HP  21/21        AC  3     Str 11      XL: 4   Next:  9%
MP   7/8         EV 12     Int 15      God:
Gold 148         SH  0     Dex 15      Spells:  2 memorised,  4 levels left

rFire  . . .     SeeInvis .     p - +2 dagger (drain)
rCold  . . .     Clarity  .     b - +1 robe
rNeg   . . .     rCorr    .     (no shield)
rPois  .         rRot     +     (no helmet)
rElec  .         Spirit   +     (no cloak)
SustAb .         Warding  .     (no gloves)
rMut   .         Stasis   .     (no boots)
Gourm  .                        (no amulet)
MR     .....                    (no ring)
                                (no ring)

@: not resistant to hostile enchantments, fairly stealthy
A: fangs 2, regeneration 1, magic shield, antimagic bite, no device heal 3, rot
immunity
a: no special abilities


You were on level 3 of the Dungeon.
You were not hungry.

You visited 1 branch of the dungeon, and saw 3 of its levels.

You collected 148 gold pieces.

Inventory:

Hand weapons
 a - a +1 dagger
 p - a +2 dagger of draining (weapon)
 r - a +2 whip of electrocution
Armour
 b - a +1 robe (worn)
Comestibles
 d - 3 bread rations
Scrolls
 f - a scroll of magic mapping
 j - 2 scrolls of teleportation {unknown}
 k - 2 scrolls of noise {unknown}
 l - a scroll of random uselessness {unknown}
 n - a scroll of immolation {unknown}
 q - a scroll of identify
 s - a scroll of remove curse {unknown}
Potions
 e - 2 potions of confusion {unknown}
 g - a potion of invisibility {unknown}
 h - a potion of cancellation {unknown}
 i - a potion of lignification {unknown}
 m - a potion of degeneration {unknown}
 o - a potion of curing {unknown}
Books
 c - a book of Maledictions

   Spells                             Type                      Level
   *Corona                            Hexes                        1
   Sure Blade                         Hexes/Charms                 2
   *Ensorcelled Hibernation           Hexes/Ice                    2
   Confuse                            Hexes                        3
   Dazzling Spray                     Conjuration/Hexes            3
   Enslavement                        Hexes                        4


   Skills:
 * Level 2.0 Short Blades
 - Level 1.5 Dodging
 * Level 4.5 Stealth
 - Level 2.1 Spellcasting
 * Level 3.7 Hexes


You had 4 spell levels left.
You knew the following spells:

 Your Spells              Type           Power        Failure   Level  Hunger
a - Corona                Hex            ##.....      6%          1    #......
b - Ensorcelled Hibernat  Hex/Ice        #.....       17%         2    ###....


Dungeon Overview and Level Annotations

Branches:
Dungeon (3/15)

Altars:


Innate Abilities, Weirdness & Mutations

You have extremely sharp teeth.
Your natural rate of healing is unusually fast.
When hurt, damage is shared between your health and your magic reserves.
Your bite disrupts and absorbs the magic of your enemies.
Potions and wands cannot restore your health.
You are immune to rotting.


Message History

A hobgoblin comes into view.
A rat comes into view.
The hobgoblin hits you.
You hit the hobgoblin but do no damage. You hit the hobgoblin.
You kill the hobgoblin!
The rat twitches its whiskers.
The rat barely misses you.
You hit the rat. You drain the rat!
You kill the rat!
Drink which item? (? for menu, Esc to quit)
Okay, then.
Unknown command.
Quiver which item? (- for none, * to show all) (? for menu, Esc to quit)
Okay, then.
Casting: Ensorcelled Hibernation
Confirm with . or Enter, or press ? or * to list all spells.
Okay, then.
Unknown command.
Are you sure you want to abandon this character and quit the game? (Confirm with "yes".)

###
##########+#....
#...............
#....@.......#
##............#
...............###
....#######......#
... #...?..# .
#######......#
#...#.+......#
#...#.#......#
#...#...######


There were no monsters in sight!

Vanquished Creatures
  2 adders (D:2)
  2 worms (D:2)
  2 ball pythons
  4 hobgoblins
  4 kobolds (D:2)
  3 bats (D:1)
  A giant cockroach (D:2)
  3 giant geckos
  2 giant newts (D:1)
  5 goblins
  9 rats
37 creatures vanquished.

Notes
Turn   | Place    | Note
--------------------------------------------------------------
     0 | D:1      | sprout, the Vine Stalker Enchanter, began the quest for the Orb.
     0 | D:1      | Reached XP level 1. HP: 9/9 MP: 3/3
    85 | D:1      | Reached skill level 1 in Short Blades
   272 | D:1      | Reached XP level 2. HP: 13/13 MP: 5/5
   276 | D:1      | Learned a level 2 spell: Ensorcelled Hibernation
   618 | D:1      | Reached skill level 4 in Stealth
   939 | D:2      | Reached XP level 3. HP: 14/16 MP: 5/7
  1359 | D:2      | Reached XP level 4. HP: 13/21 MP: 3/8
  1807 | D:3      | Quit the game

Action                   |  1- 3 |  4- 6 || total
-------------------------+-------+-------++-------
Melee: Dagger            |   100 |     8 ||   108
 Cast: Ensorcelled Hiber |     2 |       ||     2
  Use: Scroll            |     2 |       ||     2
 Stab: Sleeping          |     7 |       ||     7
  Eat: Meat ration       |     1 |       ||     1
